 Dungeon Crawl Stone Soup version 0.31-a0-977-gc230f8ef24 (webtiles) character file.

Game seed: 1410381970674514999

4188 Shayle the Martial Artist (level 10, -5/56 HPs)
             Began as a Tengu Hexslinger on Oct 29, 2023.
             Was a Believer of Ashenzari.
             Slain by an orc warrior
             ... wielding a +0 war axe
              (28 damage)
             ... in a bailey.
             The game lasted 00:23:49 (7519 turns).

Shayle the Martial Artist (Tengu Hexslinger)        Turns: 7519, Time: 00:23:50

Health: -5/56      AC: 11    Str:  9    XL:     10   Next: 29%
Magic:  12/12      EV: 16    Int: 16    God:    Ashenzari [**....]
Gold:   481        SH:  5    Dex: 21    Spells: 9/11 levels left

rFire   x .          .
                       - Unarmed
rCold   + . .        (no shield)
rNeg    . . .        v - +5 ring mail "Mistrust of Ashenzari" {rF- rC+ rCorr, Dev, Alch} (curse)
rPois   .            (helmet restricted)
rElec   .            (no cloak)
rCorr   +            x - +0 pair of gloves
SInv    +            (boots unavailable)
Will    +....        E - amulet of the Oracular God {Reflect SH+5, Comp, Dev} (curse)
Stlth   ++           y - ring of Apeoromancy {Wiz, Melee, Elem} (curse)
HPRegen 0.29/turn    D - ring of Xixtytikh {Will+ rCorr Dex+3 Stlth+}
MPRegen 0.13/turn

%: reflection, acrobat, wizardry (x1)
@: flying, invisible
A: beak, talons 3, evasive flight, acrobatic
a: Renounce Religion, Curse Item, Shatter the Chains


You were in a bailey.
You worshipped Ashenzari.
Ashenzari was pleased with you.
You visited 2 branches of the dungeon, and saw 11 of its levels.
You also visited: Bailey.

You collected 520 gold pieces.
You spent 39 gold pieces at shops.

Inventory:

Hand Weapons
 o - the +3 sling of Koriareu {flame, rPois Will+}
   (You found it on level 2 of the Dungeon)

   rPois:     It protects you from poison Will+: It increases your willpower.
 I - the +10 sling "Hellblazer" {drain, Fragile rF++ Dex+3 Stlth+}
   (You found it on level 8 of the Dungeon)

   Dex+3:     It affects your dexterity (+3).
   rF++:      It greatly protects you from fire.
   Fragile:   It will be destroyed if unequipped.
   Stlth+:    It makes you more stealthy.
Armour
 c - a +0 robe
 v - the cursed +5 ring mail "Mistrust of Ashenzari" (worn) {rF- rC+ rCorr, Dev, Alch}
   (You found it on level 3 of the Dungeon)

   rF-:       It makes you vulnerable to fire.
   rC+:       It protects you from cold.
   rCorr:     It protects you from acid and corrosion.
   It has a curse which improves the following skills: Devices: Evocations and
   Shapeshifting.
   Alchemy:   Poison Magic and Transmutations.
 x - a +0 pair of gloves (worn)
 G - a +0 buckler
Jewellery
 l - an amulet of regeneration
 y - the cursed ring of Apeoromancy (left hand) {Wiz, Melee, Elem}
   (You found it on level 4 of the Dungeon)

   [ring of wizardry]

   Wiz:       It improves your spell success rate.
   It has a curse which improves the following skills: Melee Combat: Short
   Blades, Long Blades, Axes, Maces & Flails, Polearms, Staves and Unarmed
   Combat.
   Elements:  Fire Magic, Ice Magic, Air Magic and Earth Magic.
 D - the ring of Xixtytikh (right hand) {Will+ rCorr Dex+3 Stlth+}
   (You acquired it on level 6 of the Dungeon)

   [ring of resist corrosion]

   Dex+3:     It affects your dexterity (+3).
   Will+:     It increases your willpower.
   rCorr:     It protects you from acid and corrosion.
   Stlth+:    It makes you more stealthy.
 E - the cursed amulet of the Oracular God (around neck) {Reflect SH+5, Comp, Dev}
   (You found it on level 6 of the Dungeon)

   [amulet of reflection]

   Reflect:   It reflects blocked missile attacks.
   SH+5:      It affects your SH (+5).
   It has a curse which improves the following skills: Companions: Summonings
   and Necromancy.
   Devices:   Evocations and Shapeshifting.
Talismans
 j - a talisman of death
Wands
 k - a wand of roots (3)
 r - a wand of flame (6)
Scrolls
 b - a scroll of poison
 e - a scroll of silence
 f - 2 scrolls of immolation
 g - 2 scrolls of amnesia
 i - 12 scrolls of identify
 m - 4 scrolls of summoning
 n - 3 scrolls of teleportation
 p - 3 scrolls of revelation
 s - 3 scrolls of enchant weapon
 t - a scroll of brand weapon
 z - 3 scrolls of blinking
 F - 2 scrolls of fear
 H - 3 scrolls of fog
Potions
 a - 5 potions of curing
 d - 2 potions of mutation
 h - a potion of degeneration
 q - 2 potions of brilliance
 u - a potion of resistance
 w - a potion of enlightenment
 A - 4 potions of lignification
 B - 2 potions of haste
 C - a potion of invisibility
 J - a potion of cancellation


   Skills:
 - Level 4.0 Fighting
 - Level 2.1 Ranged Weapons
 - Level 4.7 Dodging
 + Level 9.8(10.9) Unarmed Combat
 - Level 1.0 Spellcasting
 - Level 2.1 Hexes
 + Level 1.0(1.6) Summonings
 + Level 0.6(1.2) Necromancy
 + Level 5.4(6.6) Fire Magic
 + Level 6.4(7.5) Air Magic
 + Level 4.7(5.8) Poison Magic
 + Level 3.9(5.5) Shapeshifting


You had 9 spell levels left.
You knew the following spells:

 Your Spells              Type           Power      Damage    Failure   Level
a - Jinxbite              Hex            14%        N/A       16%         2

Your spell library contained the following spells:

 Spells                   Type           Power      Damage    Failure   Level
 Inner Flame              Hex/Fire       14%        N/A       13%         3
 Sigil of Binding         Hex            7%         N/A       30%         3
 Lesser Beckoning         Tloc           0%         N/A       34%         2
 Dazzling Flash           Conj/Hex       8%         N/A       43%         3
 Gell's Gravitas          Tloc           0%         N/A       56%         3
 Teleport Other           Tloc           0%         N/A       56%         3
 Silence                  Hex/Air        8%         N/A       65%         5
 Cause Fear               Hex            3%         N/A       67%         4
 Dimensional Bullseye     Hex/Tloc       2%         N/A       82%         4
 Agony                    Necr           4%         N/A       98%         5


Dungeon Overview and Level Annotations

Branches:
Dungeon (10/15)            Temple (1/1) D:7          Bailey (1/1)
   Lair: D:8-11         Orc: D:9-12

Altars:
Ashenzari
Cheibriados
Dithmenos
Elyvilon
Fedhas
Gozag
Hepliaklqana
Kikubaaqudgha
Makhleb
Nemelex Xobeh
Okawaru
Qazlal
Ru
Sif Muna
Trog
Uskayaw
Vehumet
Wu Jian
Xom
Yredelemnul
Zin
The Shining One

Shops:
D:2 ?

Annotations:
D:3 1 runed translucent door
D:7 1 runed translucent door, pigah's ghost, novice OpSh


Innate Abilities, Weirdness & Mutations

You have a beak for a mouth.
You have claws for feet.
Your magical flight helps you evade attacks. (EV +4)
You can magically evade attacks while moving or waiting.


Message History

The orc warriors go into a battle-frenzy!
You hear a shout!
Unknown command.
Okay, then.
You punch the orc knight! Your peck misses the orc knight.
The orc knight is heavily wounded.
The orc warrior barely misses you.
The orc knight is engulfed in a cloud of scalding steam.
The orc knight closely misses you.
Unknown command.
You hit the orc warrior but do no damage.
You claw the orc warrior.
You peck the orc warrior, but do no damage.
The orc warrior is moderately wounded.
The orc warrior hits you with a +0 war axe!
You block the orc knight's attack.
Unknown command.
You fade into invisibility!
The orc warrior hits you with a +0 war axe.
The orc knight splashes around in the water.
The orc warrior misses you.
You hit the orc knight but do no damage.
You claw the orc knight. Your peck misses the orc knight.
The orc knight is heavily wounded.
Unknown command.
You closely miss the orc knight.
You claw the orc knight, but do no damage.
The orc knight is heavily wounded.
You catch the helpless orc warrior completely off-guard!
You hit the orc warrior but do no damage.
The orc warrior is moderately wounded.
The orc warrior closely misses you. The orc knight misses you.
Unknown command.
You closely miss the orc knight.
You claw the orc knight, but do no damage.
You peck the orc knight, but do no damage.
The orc knight is heavily wounded.
The orc warrior hits you with a +0 war axe!!
Ouch! That really hurt!
You die...

..##.(...#~}..
≈##......##~~~ ###
≈#...(....#########..
≈#..8..8....'.....'..
#..........#~~~~~#..
##.........#~~~(~#
##...8...##~~~~)##
##.....##.)..oo.##
##...##.....@o..#
#####♣♣♣.....♣♣♣
♣♣♣∩♣♣♣ ♣♣♣


You could see an orc knight (unable to see you) and 2 orc warriors.

Vanquished Creatures
  A two-headed ogre (D:8)
  Sigmund (D:5)
  A wyvern (D:8)
  Eustachio (D:5)
  Grum (D:9)
  A steam dragon (D:7)
  A water moccasin (D:8)
  2 black bears
  An orc warrior (D:8)
  2 ice beasts (D:7)
  2 sky beasts
  An ogre (D:7)
  3 wolves
  4 centaurs
  A phantom (D:5)
  3 scorpions (D:5)
  8 wights
  3 howler monkeys (D:8)
  An electric eel (D:8)
  A jelly (D:5)
  3 hounds
  3 orc priests
  A gnoll bouda (D:5)
  2 sleepcaps
  2 iguanas
  2 orc wizards
  Natasha (thrice) (D:2)
  5 adders
  6 gnolls
  A shadow imp (D:6)
  A white imp (D:7)
  4 ufetubi
  6 dart slugs
  34 orcs
  2 ball pythons
  3 bats
  9 endoplasms
  3 giant cockroaches
  6 goblins
  6 hobgoblins
  3 jackals (D:2)
  15 kobolds
  2 quokkas
  A frilled lizard (D:3)
  A goblin skeleton (D:3)
  A kobold zombie (D:3)
  6 rats
170 creatures vanquished.

Notes
Turn   | Place    | Note
-------+----------+-------------------------------------------
     0 | D:1      | Shayle the Tengu Hexslinger began the quest for the Orb.
     0 | D:1      | Reached XP level 1. HP: 12/12 MP: 3/3
   278 | D:1      | Reached XP level 2. HP: 16/16 MP: 4/4
   536 | D:2      | Reached skill level 1 in Unarmed Combat
   621 | D:2      | Found Nonnob's Magic Scroll Boutique.
   690 | D:2      | Bought a scroll of teleportation for 39 gold pieces
   713 | D:2      | Reached XP level 3. HP: 21/21 MP: 5/5
   716 | D:2      | Identified the +3 sling of Koriareu {flame, rPois Will+}
   851 | D:2      | Noticed Natasha
   855 | D:2      | Killed Natasha
   928 | D:2      | Reached skill level 2 in Unarmed Combat
   928 | D:2      | Reached XP level 4. HP: 23/26 MP: 6/6
   931 | D:2      | Learned a level 2 spell: Jinxbite
  1006 | D:2      | Noticed Natasha
  1012 | D:2      | Killed Natasha
  1192 | D:2      | Noticed Natasha
  1197 | D:2      | Killed Natasha
  1198 | D:2      | Reached XP level 5. HP: 25/31 MP: 7/7
  1551 | D:3      | Found a glowing golden altar of the Shining One.
  1551 | D:3      | Found a glowing silver altar of Zin.
  1626 | D:3      | Found a runed translucent door.
  1626 | D:3      | Noticed a human
  1634 | D:3      | Found a basalt altar of Yredelemnul.
  1887 | D:3      | Identified the +5 ring mail of the Original Sin {rF- rC+
                  | rCorr}
  2013 | D:3      | Reached skill level 3 in Unarmed Combat
  2048 | D:3      | Found a broken altar of Ashenzari.
  2051 | D:3      | Became a worshipper of Ashenzari the Shackled
  2265 | D:4      | Reached XP level 6. HP: 34/37 MP: 8/8
  2959 | D:5      | Entered Level 5 of the Dungeon
  2981 | D:5      | Noticed Eustachio
  3157 | D:5      | Noticed Sigmund
  3282 | D:5      | Reached skill level 4 in Unarmed Combat
  3428 | D:5      | Gained mutation: Your magical flight helps you evade
                  | attacks. (EV +4) [Tengu growth]
  3428 | D:5      | Reached XP level 7. HP: 38/43 MP: 9/9
  3505 | D:5      | Killed Sigmund
  3506 | D:5      | Reached skill level 5 in Unarmed Combat
  3796 | D:6      | Reached skill level 6 in Unarmed Combat
  3807 | D:5      | Reached * piety under Ashenzari
  3878 | D:5      | Killed Eustachio
  3879 | D:5      | Reached skill level 7 in Unarmed Combat
  3879 | D:5      | Reached XP level 8. HP: 27/48 MP: 10/10
  4058 | D:6      | Reached skill level 8 in Unarmed Combat
  4068 | D:6      | Identified a scroll of acquirement
  4091 | D:6      | Acquired the ring of Xixtytikh {Will+ rCorr Dex+3 Stlth+}
  4197 | D:6      | Reached skill level 1 in Air Magic
  4364 | D:6      | Reached skill level 1 in Poison Magic
  4413 | D:6      | Found a white marble altar of Elyvilon.
  4443 | D:6      | Reached skill level 1 in Shapeshifting
  4608 | D:6      | Identified the +2 leather armour of Follow the Leader
                  | {*Corrode Will+ Regen+ Str+5 SInv}
  4803 | D:6      | Reached ** piety under Ashenzari
  4849 | D:7      | Found a staircase to the Ecumenical Temple.
  4859 | Temple   | Entered the Ecumenical Temple
  5037 | D:7      | Reached XP level 9. HP: 52/52 MP: 11/11
  5118 | D:7      | Found a runed translucent door.
  5119 | D:7      | Noticed pigah's ghost (novice OpSh)
  5981 | D:8      | Reached skill level 9 in Unarmed Combat
  6144 | D:8      | Reached skill level 5 in Air Magic
  6197 | D:8      | Found a sparkling altar of Nemelex Xobeh.
  6197 | D:8      | Found a shimmering blue altar of Sif Muna.
  6313 | D:8      | Identified the +10 sling "Hellblazer" {drain, Fragile rF++
                  | Dex+3 Stlth+}
  6494 | D:8      | Noticed a two-headed ogre
  6503 | D:8      | Killed a two-headed ogre
  6504 | D:8      | Reached skill level 5 in Fire Magic
  6504 | D:8      | Reached XP level 10. HP: 33/56 MP: 12/12
  6791 | D:9      | Found an opulent altar of Gozag.
  6962 | D:9      | Noticed Grum
  6998 | D:9      | Killed Grum
  7275 | D:9      | Noticed a kobold demonologist
  7299 | D:9      | Noticed a soul eater
  7311 | D:10     | Entered Level 10 of the Dungeon
  7422 | D:10     | Found a flagged portal.
  7431 | Bailey   | Entered a bailey
  7461 | Bailey   | Noticed an orc warlord
  7498 | Bailey   | Noticed an orc knight
  7508 | Bailey   | Reached skill level 1 in Summonings
  7519 | Bailey   | Slain by an orc warrior

Illustrated notes

Levels and vault maps discovered:
D:1:      nzn_arrival_depleted_hourglass, layout_rooms
D:2:      layout_basic, serial_shops, shop, uniq_natasha
D:3:      layout_loops_corners, dk_yredelemnul_ordeal,
          gammafunk_temple_overflow_elements, ashenzari_altar_1,
          kennysheep_generic_room_13
D:4:      layout_gridville
D:5:      wad_pebble_path, layout_loops_ring, hangedman_decor_push,
          uniq_sigmund, uniq_eustachio
D:6:      layout_cave_pools, elyvilon_altar_1, serial_glass, glass_columns_a,
          glass_columns_b, item_on_display_a, serial_bayou_pond_b
D:7:      hellmonk_ruined_rings, layout_loops_cross,
          minmay_temple_entry_water_ring, ebering_ghost_reflecting_pool,
          kennysheep_pointless_box, minmay_strange_pillars
D:8:      layout_loops_ring, nicolae_overflow_two_pavilions, special_room
          [special_room_orc]
D:9:      cheibrodos_iron_armory, layout_irregular_city, lemuel_crystal_altar,
          uniq_grum
D:10:     layout_loops_ring, orc_0_dummy, enter_bailey_2, uniq_lodul
Temple:   jpeg_temple_clearing
Bailey:   bailey_axe_bossmonster_kennysheep, bailey

Skill      XL: |  1  2  3  4  5  6  7  8  9 10 |
---------------+-------------------------------+-----
Unarmed Combat | 1 2 3 4 7 8 9 |  9.8
Fighting       | 2 3 4 |  4.0
Dodging        | 3 4 |  4.7
Air Magic      | 3 6 |  6.4
Poison Magic   | 2 4 |  4.7
Fire Magic     | 3 5 |  5.4
Shapeshifting  | 1 3 |  3.9
Summonings     | 1 |  1.0
Ranged Weapons | |  2.1
Spellcasting   | |  1.0
Hexes          | |  2.1
Necromancy     | |  0.6

Action                     |  1- 3 |  4- 6 |  7- 9 | 10-12 || total
---------------------------+-------+-------+-------+-------++-------
  Melee: Unarmed           |       |       |   194 |    58 ||   252
         Kick              |       |       |    79 |    26 ||   105
         Peck              |       |       |    42 |    13 ||    55
         Punch             |       |       |    16 |     3 ||    19
   Fire: Sling             |    90 |   138 |    84 |       ||   312
 Invoke: Curse Item        |       |     1 |     2 |       ||     3
  Evoke: Wand              |       |       |    11 |     5 ||    16
    Use: Potion            |       |     1 |     2 |     1 ||     4
         Scroll            |       |     1 |     1 |       ||     2
   Stab: Sleeping          |       |       |     3 |       ||     3
         Invisible         |       |       |       |     1 ||     1
 Armour: Robe              |    23 |     8 |       |       ||    31
         Ring mail         |       |    61 |   122 |    33 ||   216
  Dodge: Dodged            |    42 |    77 |   228 |    43 ||   390
  Block: Other             |       |       |    26 |    15 ||    41
         Reflection        |       |       |     1 |     3 ||     4

Table legend: (Time is in decaauts)
 A = Elapsed time spent in this place.
 B = Non-inter-level travel time spent in this place.
 C = Inter-level travel time spent in this place.
 D = Time resting spent in this place.
 E = Time spent auto-exploring this place.
 F = Levels seen in this place.
 G = Mean time per level.
                   A        B        C        D        E       F      G
               +--------+--------+--------+--------+--------+-----+--------+
         Total |   7595 |   7387 |    208 |    983 |   4763 |  12 |  632.9 |
       Dungeon |   7509 |   7301 |    208 |    962 |   4763 |  10 |  750.9 |
        Temple |      1 |      1 |      0 |      0 |      0 |   1 |    1.0 |
        Bailey |     84 |     84 |      0 |     21 |      0 |   1 |   84.0 |
               +--------+--------+--------+--------+--------+-----+--------+

Top non-repeatable levels by time:
     D:8: 1315 daAuts
     D:5: 1040 daAuts
     D:3: 890 daAuts
     D:4: 860 daAuts
     D:2: 836 daAuts
     D:6: 803 daAuts
     D:7: 799 daAuts
     D:1: 504 daAuts
     D:9: 338 daAuts
    D:10: 119 daAuts
  Bailey: 84 daAuts
  Temple: 1 daAuts
